 Dungeon Crawl Stone Soup version 0.27-a0-1083-gcf8293e1eb (webtiles) character file.

Game seed: 3409219506576998598

27295 Feb132020 the Eclecticist (level 13, -3/63 HPs)
             Began as a Deep Elf Earth Elementalist on Apr 24, 2021.
             Was a High Priest of Sif Muna.
             Killed from afar by a rime drake (19 damage)
             ... with a flash freeze
             ... on level 5 of the Lair of Beasts on Apr 26, 2021.
             The game lasted 01:53:38 (21534 turns).

Feb132020 the Eclecticist (DEEE)                   Turns: 21534, Time: 01:53:39

Health: -3/63      AC:  8    Str:  8    XL:     13   Next: 3%
Magic:  6/35       EV: 15    Int: 22    God:    Sif Muna [*****.]
Gold:   3056       SH:  0    Dex: 19    Spells: 21/44 levels left

rFire    . . .     SeeInvis +   a - +7 short sword
rCold    . . .     Faith    .   (no shield)
rNeg     + . .     Spirit   .   J - +1 robe {rN+}
rPois    .         Reflect  .   (no helmet)
rElec    .         Harm     .   n - +0 cloak
rCorr    .         Rampage  .   S - +1 pair of gloves {Str+3}
Will     +....                  o - +1 pair of boots
Stlth    ++++......             h - amulet of the acrobat
HPRegen  0.20/turn              N - ring of see invisible
MPRegen  0.24/turn              (no ring)

@: no status effects
A: no striking features
a: Renounce Religion, Channel Magic, Forget Spell, Divine Exegesis


You were on level 5 of the Lair of Beasts.
You worshipped Sif Muna.
Sif Muna was extremely pleased with you.
You visited 2 branches of the dungeon, and saw 15 of its levels.
You also visited: Ossuary and Ice Cave.

You collected 3056 gold pieces.

Inventory:

Hand Weapons
 a - a +7 short sword (weapon)
 b - the +4 long sword "Death Rattle" {venom, Str+8}
   (You found it on level 7 of the Dungeon)

   It poisons the flesh of those it strikes.
   It affects your strength (+8).
 f - a +0 short sword
 m - a +1 short sword of draining
 I - a +2 dagger of flaming
Missiles
 D - 184 stones
 F - 39 poisoned darts
 Q - 6 curare-tipped darts
Armour
 c - a +0 robe
 i - a scarf of shadows
 n - a +0 cloak (worn)
 o - a +1 pair of boots (worn)
 J - a +1 robe of positive energy (worn)
 S - a +1 pair of gloves of strength (worn)
 U - a +0 leather armour of fire resistance
Magical Staves
 e - a staff of cold
Jewellery
 h - an amulet of the acrobat (around neck)
 B - an amulet of reflection
 N - a ring of see invisible (left hand)
Wands
 t - a wand of iceblast (10)
 E - a wand of paralysis (10)
 H - a wand of polymorph (15)
 M - a wand of flame (41)
Scrolls
 g - a scroll of blinking
 k - a scroll of enchant armour
 q - 3 scrolls of amnesia
 y - a scroll of identify
 A - 2 scrolls of silence
 L - 4 scrolls of magic mapping
 O - 5 scrolls of teleportation
 P - 2 scrolls of holy word
 R - 2 scrolls of fog
Potions
 d - 2 potions of heal wounds
 j - a potion of mutation
 l - 2 potions of might
 p - 4 potions of brilliance
 r - a potion of ambrosia
 s - 2 potions of flight
 u - 2 potions of magic
 v - a potion of cancellation
 w - 5 potions of curing
 z - 2 potions of lignification
 C - a potion of haste
 G - a potion of berserk rage
 T - a potion of resistance
 V - a potion of invisibility
Miscellaneous
 x - a lightning rod (4/4)
 K - a condenser vane


   Skills:
 - Level 0.1 Fighting
 + Level 5.1(5.7) Short Blades
 + Level 3.2(4.4) Long Blades
 + Level 1.2 Throwing
 + Level 5.5 Dodging
 + Level 8.4 Stealth
 * Level 16.2 Spellcasting
 + Level 9.9 Conjurations
 + Level 5.8 Summonings
 + Level 2.1 Transmutations
 + Level 10.9 Earth Magic
 * Level 4.8 Invocations
 + Level 1.0 Evocations


You had 21 spell levels left.
You knew the following spells:

 Your Spells              Type           Power      Damage    Failure   Level
a - Sandblast             Erth           100%       2d20      1%          1
b - Stone Arrow           Conj/Erth      100%       3d13      1%          3
c - Dazzling Flash        Conj/Hex       78%        N/A       1%          3
d - Summon Small Mammal   Summ           100%       N/A       1%          1
l - Lee's Rapid Deconstr  Erth           30%        3d17*     1%          5
p - Passwall              Tmut/Erth      38%        N/A       1%          2
L - Summon Lightning Spi  Summ/Air       30%        N/A       10%         4
P - Petrify               Tmut/Erth      46%        N/A       2%          4

Your spell library contained the following spells:

 Spells                   Type           Power      Damage    Failure   Level
 Beastly Appendage        Tmut           54%        N/A       1%          1
 Call Imp                 Summ           43%        N/A       1%          2
 Wereblood                Tmut           27%        N/A       1%          2
 Call Canine Familiar     Summ           43%        N/A       1%          3
 Corona                   Hex            18%        N/A       3%          1
 Summon Guardian Golem    Hex/Summ       30%        N/A       3%          3
 Ensorcelled Hibernation  Hex/Ice        34%        N/A       4%          2
 Spider Form              Tmut/Pois      11%        N/A       6%          3
 Ignite Poison            Fire/Tmut/Pois 20%        N/A       7%          3
 Confusing Touch          Hex            17%        N/A       10%         3
 Tukima's Dance           Hex            17%        N/A       10%         3
 Summon Ice Beast         Ice/Summ       30%        N/A       10%         4
 Fireball                 Conj/Fire      19%        3d9       12%         5
 Ice Form                 Ice/Tmut       22%        N/A       21%         4
 Hydra Form               Tmut           13%        N/A       36%         5
 Starburst                Conj/Fire      19%        8x6d7     54%         6
 Ignition                 Fire           8%         3d5       100%        8


Dungeon Overview and Level Annotations

Branches:
Dungeon (9/15)             Temple (0/1) D:6            Lair (6/6) D:9
 Shoals (0/4) Lair:3       Spider (0/4) Lair:3          Orc (0/2) D:9
Ossuary (visited)           IceCv (visited)
  Slime: Lair:5-6

Altars:
Makhleb
Qazlal
Ru
Sif Muna
Trog
Uskayaw
Wu Jian
Xom

Shops:
D:4 [

Annotations:
D:2 Terence
D:3 exclusion: water moccasin
D:5 Grinder
D:6 2 transporters, Sergey's ghost, weakling DDDe
D:7 Harold


Message History

The komodo dragon hisses menacingly.
Unknown command.
Unknown command.
Unknown command.
Casting: Stone Arrow (safe; 1% risk of failure)
Confirm with . or Enter, or press ? or * to list all spells.
Aiming: Sandblast (safe; 1% risk of failure)
Press: ? - help, Shift-Dir - straight line, f - komodo dragon
Aim: a komodo dragon (88% to hit)
The blast of sand hits the komodo dragon.
The komodo dragon is lightly wounded.
The bullfrog croaks.
You hear an angry buzzing noise.
You hear a croak.
The bullfrog releases a deep croak.
Unknown command.
Unknown command.
Unknown command.
Casting: Sandblast (safe; 1% risk of failure)
Confirm with . or Enter, or press ? or * to list all spells.
Aiming: Sandblast (safe; 1% risk of failure)
Press: ? - help, Shift-Dir - straight line, f/p - komodo dragon
Aim: a komodo dragon (lightly wounded, 88% to hit)
The blast of sand hits the komodo dragon but does no damage.
The komodo dragon is lightly wounded.
Okay, then.
Casting: Sandblast (safe; 1% risk of failure)
Confirm with . or Enter, or press ? or * to list all spells.
Aiming: Passwall (safe; 1% risk of failure)
Press: ? - help, Dir - move target, p - komodo dragon A rock wall.
This rock feels extremely deep.
The dream sheep bleats!
The komodo dragon bites you!!
* * * LOW HITPOINT WARNING * * *
Blink to where?
Press: ? - help, Dir - move target
As you read the scroll of blinking, it crumbles to dust.
You climb upwards.
The rime drake breathes ice at you. The flash freeze hits you!!
You die...

.. .......P####.#.....#
.. #.............(# ..
#.........†.#..# .
##....†....## #
######..#..# #..k.###
##...## #....## ###@.P#.#
#.#...P?# ###
##.....P.### #.#
#P.........# ..### ##
###...........
.†<.###.###..............
#......#.##..............
#.......###.............
####..†.##..............


You could see a rime drake (catching breath).

Vanquished Creatures
  2 hydras
  Erica (D:8)
  A two-headed ogre (D:9)
  3 death yaks
  Sonja (Lair:3)
  Pikel (D:7)
  A necromancer (IceCv)
  A manticore (Lair:3)
  3 elephants (Lair:5)
  A black mamba (Lair:5)
  9 cane toads
  2 rime drakes
  Psyche (D:8)
  6 komodo dragons
  6 ice devils
  A jumping spider (Lair:3)
  2 polar bears
  A wind drake (Lair:3)
  A dream sheep (Lair:6)
  11 blink frogs
  Sigmund (D:6)
  2 wyverns
  A shadow (D:9)
  A wraith (D:7)
  Grum (D:8)
  2 chaos spawn (D:9)
  26 yaks
  An acid dragon (D:9)
  9 water moccasins
  6 orc warriors
  A sky beast (D:4)
  A black bear (Lair:1)
  2 ogres (D:6)
  2 centaurs
  7 wolves
  A lemure (D:7)
  A kobold brigand (D:6)
  12 bullfrogs
  A gnoll sergeant (D:6)
  A scorpion (D:6)
  A troll zombie (Ossuary)
  3 killer bees (D:9)
  12 wights
  3 centaur zombies (Ossuary)
  2 jellies
  A human zombie (Ossuary)
  5 hounds
  6 orc priests
  A gnoll shaman (D:6)
  A bullfrog skeleton (D:5)
  2 iguanas
  8 orc wizards
  An ogre zombie (Ossuary)
  7 mummies (Ossuary)
  4 gnolls (D:6)
  6 adders
  A white imp (D:8)
  4 adder zombies (Ossuary)
  2 worms
  A dart slug (D:3)
  31 orcs
  6 bats
  9 endoplasms
  3 giant cockroaches
  A gnoll zombie (Ossuary)
  13 goblins
  12 hobgoblins
  10 jackals
  2 quokkas
  8 ball pythons
  5 frilled lizards
  4 goblin zombies (Ossuary)
  2 hobgoblin zombies (Ossuary)
  16 kobolds
  5 kobold zombies (Ossuary)
  An orc zombie (Ossuary)
  3 quokka zombies (Ossuary)
  5 rats
  2 rat zombies (Ossuary)
343 creatures vanquished.

Vanquished Creatures (others)
  19 fungi
  52 plants
  3 withered plants (D:3)
74 creatures vanquished.

Grand Total: 417 creatures vanquished

Notes
Turn   | Place    | Note
-------+----------+-------------------------------------------
     0 | D:1      | Feb132020 the Deep Elf Earth Elementalist began the quest
                  | for the Orb.
     0 | D:1      | Reached XP level 1. HP: 10/10 MP: 6/6
   218 | D:1      | Reached XP level 2. HP: 15/15 MP: 5/8
   665 | D:1      | Learned a level 2 spell: Passwall
   696 | D:1      | Reached XP level 3. HP: 12/19 MP: 10/10
   700 | D:1      | Learned a level 3 spell: Stone Arrow
  1611 | D:2      | Found an ornate altar of the Wu Jian Council.
  1715 | D:2      | Reached skill level 4 in Spellcasting
  2400 | D:2      | Reached XP level 4. HP: 24/24 MP: 12/12
  2626 | D:2      | Noticed Terence
  2743 | D:2      | Reached skill level 1 in Short Blades
  3097 | D:3      | Noticed a water moccasin
  3178 | D:3      | Found a faded altar of an unknown god.
  4116 | D:4      | Identified a scroll of acquirement
  4116 | D:4      | Acquired 773 gold pieces
  4278 | D:4      | Reached XP level 5. HP: 19/28 MP: 8/13
  4280 | D:4      | Found Ciurius's Armour Shoppe.
  4310 | D:4      | Noticed a sky beast
  4319 | D:4      | Killed a sky beast
  4473 | D:4      | Found a sand-covered staircase.
  4478 | Ossuary  | Entered an ossuary
  4633 | Ossuary  | Reached XP level 6. HP: 14/32 MP: 8/15
  4821 | Ossuary  | Reached skill level 5 in Spellcasting
  5999 | Ossuary  | Reached XP level 7. HP: 36/36 MP: 14/17
  6007 | Ossuary  | Reached skill level 5 in Earth Magic
  6345 | D:4      | Found a shimmering blue altar of Sif Muna.
  6349 | D:4      | Became a worshipper of Sif Muna the Loreminder
  6355 | D:4      | Found a stormy altar of Qazlal.
  6358 | D:4      | Found a bloodstained altar of Trog.
  6361 | D:4      | Found a burning altar of Makhleb.
  6455 | D:5      | Entered Level 5 of the Dungeon
  6608 | D:5      | Noticed Grinder
  6709 | D:5      | Reached skill level 1 in Conjurations
  6755 | D:5      | Noticed a +0 hand axe
  6756 | D:5      | Noticed a +0 dagger
  6757 | D:5      | Found a hide-covered altar of Uskayaw.
  7491 | D:5      | Reached skill level 6 in Spellcasting
  7728 | D:6      | Noticed a queen bee
  7728 | D:6      | Noticed a hornet
  7765 | D:6      | Noticed Sergey's ghost (weakling DDDe)
  8090 | D:6      | Reached skill level 5 in Stealth
  8090 | D:6      | Reached XP level 8. HP: 41/41 MP: 13/20
  8179 | D:7      | Reached skill level 7 in Spellcasting
  8590 | D:7      | Noticed Harold
  8612 | D:7      | Noticed Pikel
  8627 | D:7      | Killed Pikel
  8628 | D:7      | Reached skill level 8 in Spellcasting
  8785 | D:6      | Learned a level 3 spell: Dazzling Flash
  9144 | D:6      | Reached * piety under Sif Muna
  9251 | D:6      | Found a staircase to the Ecumenical Temple.
  9870 | D:6      | Reached XP level 9. HP: 9/45 MP: 15/23
 10184 | D:6      | Noticed Sigmund
 10218 | D:6      | Killed Sigmund
 10219 | D:6      | Reached skill level 5 in Conjurations
 10421 | D:6      | Found a transporter.
 10424 | D:6      | Found a transporter.
 10657 | D:6      | Upgraded the game from 0.27-a0-1066-g29160eaed2 to
                  | 0.27-a0-1078-g0d77da13b5
 10757 | D:7      | Identified the +4 long sword "Death Rattle" {venom, Str+8}
 10766 | D:6      | Reached skill level 9 in Spellcasting
 10989 | D:7      | Learned a level 5 spell: Lee's Rapid Deconstruction
 10991 | D:7      | Learned a level 1 spell: Summon Small Mammal
 11454 | D:8      | Reached ** piety under Sif Muna
 11455 | D:8      | Noticed Grum
 11466 | D:8      | Reached skill level 10 in Spellcasting
 11641 | D:8      | Noticed Psyche
 11849 | D:8      | Killed Grum
 11850 | D:8      | Reached skill level 5 in Dodging
 11850 | D:8      | Reached skill level 1 in Summonings
 11871 | D:8      | Reached skill level 1 in Long Blades
 12173 | D:8      | Acquired 1357 gold pieces
 12390 | D:8      | Noticed Erica
 12400 | D:8      | Killed Erica
 12401 | D:8      | Reached skill level 11 in Spellcasting
 12401 | D:8      | Reached XP level 10. HP: 50/50 MP: 16/27
 12464 | D:8      | Killed Psyche
 12757 | D:9      | Found a sacrificial altar of Ru.
 12798 | D:9      | Noticed a two-headed ogre
 12806 | D:9      | Killed a two-headed ogre
 13479 | D:9      | Reached *** piety under Sif Muna
 13485 | D:9      | Reached skill level 12 in Spellcasting
 13648 | D:9      | Found the +7 mace of Variability {chain chaos}
 13650 | D:9      | Found a shimmering altar of Xom.
 13903 | D:9      | Found a staircase to the Lair.
 14354 | D:9      | Found a staircase to the Orcish Mines.
 14485 | Lair:1   | Entered Level 1 of the Lair of Beasts
 14578 | Lair:1   | Reached XP level 11. HP: 54/54 MP: 6/29
 14822 | Lair:1   | Noticed a five-headed hydra
 15228 | Lair:1   | Identified the +4 scale mail of Hadjma {Rampage Int+4}
 15392 | Lair:1   | Reached skill level 13 in Spellcasting
 15596 | Lair:1   | Reached skill level 5 in Summonings
 15695 | Lair:1   | Killed a five-headed hydra
 15816 | Lair:1   | Reached **** piety under Sif Muna
 16353 | Lair:2   | Reached skill level 1 in Evocations
 16355 | Lair:2   | Found a frozen archway.
 16368 | Lair:2   | HP: 1/54 [ice devil (22)]
 16713 | IceCv    | Entered an ice cave
 16747 | IceCv    | Reached skill level 1 in Invocations
 16959 | IceCv    | Reached skill level 14 in Spellcasting
 17062 | IceCv    | Noticed a necromancer
 17070 | IceCv    | Killed a necromancer
 17142 | Lair:2   | Upgraded the game from 0.27-a0-1078-g0d77da13b5 to
                  | 0.27-a0-1083-gcf8293e1eb
 17532 | Lair:2   | Reached XP level 12. HP: 47/59 MP: 27/32
 17669 | Lair:2   | Noticed a death yak
 17679 | Lair:2   | Noticed a death yak
 17720 | Lair:2   | Noticed a four-headed hydra
 17732 | Lair:2   | Killed a four-headed hydra
 18202 | Lair:2   | Noticed a death yak
 18241 | Lair:2   | Killed a death yak
 18322 | Lair:2   | Noticed a death yak
 18333 | Lair:1   | Killed a death yak
 18334 | Lair:1   | Reached skill level 5 in Short Blades
 18463 | Lair:2   | Killed a death yak
 18464 | Lair:2   | Reached skill level 10 in Earth Magic
 18694 | Lair:3   | Reached skill level 1 in Throwing
 18704 | Lair:2   | Reached skill level 15 in Spellcasting
 18710 | Lair:2   | Learned a level 4 spell: Summon Lightning Spire
 18806 | Lair:3   | HP: 1/59 [cane toad (20)]
 19545 | Lair:3   | Found a hole to the Spider Nest.
 19598 | Lair:3   | Noticed Sonja
 19607 | Lair:3   | Killed Sonja
 20028 | Lair:3   | Found a staircase to the Shoals.
 20802 | Lair:4   | Learned a level 4 spell: Petrify
 20991 | Lair:4   | Reached skill level 16 in Spellcasting
 21144 | Lair:5   | Reached ***** piety under Sif Muna
 21483 | Lair:5   | Reached XP level 13. HP: 53/63 MP: 18/35
 21506 | Lair:6   | Entered Level 6 of the Lair of Beasts
 21534 | Lair:5   | Killed from afar by a rime drake

Illustrated notes

Levels and vault maps discovered:
D:1:      zelgadis_glass_arrival_small, layout_basic
D:2:      minmay_angry_zag, layout_basic, basic_altar, minivault_27,
          corexii_shack, uniq_terence
D:3:      cheibrodos_greedy_goblins, layout_loops_corners,
          ebering_ecumenical_altar_petrified, serial_rivers,
          chequers_serial_rivers_small_b, chequers_serial_rivers_marsh,
          chequers_serial_rivers_micro_e, chequers_serial_rivers_micro_a,
          chequers_serial_rivers_micro_b, minmay_misc_feat_nine_boxes
D:4:      layout_cave_pools, grunt_temple_overflow_cloverleaf,
          nicolae_ossuary_entry_ruins, serial_shops, nicolae_shop_statue_plus
D:5:      layout_loops_ring, dancing_weapons_uskayaw, uniq_grinder
D:6:      kennysheep_housing_project, layout_loops_ring,
          minmay_temple_entry_fiery, gammafunk_ghost_hive, uniq_sigmund
D:7:      layout_rooms, uniq_pikel, uniq_harold
D:8:      layout_gridville, uniq_grum, uniq_erica, uniq_psyche
D:9:      layout_gridville, lemuel_crystal_altar, david_lair_shrubbed,
          david_orc_4, minmay_guarded_unrand_variability
Lair:1:   layout_chaotic_city, chequers_serial_rivers_small_3,
          minmay_hedge_maze, infiniplex_staircase_pool, grunt_megastairs_4
Lair:2:   layout_regular_city, portal_ice_cave_demonic_guard
Lair:3:   layout_regular_city, minmay_shoals_entry_beasts,
          spider_nest_entry_rubble, uniq_sonja
Lair:4:   layout_cave_shapes
Lair:5:   layout_cave_pods, slime_altar_1, nicolae_quartered_pool_super,
          serial_bayou_shore_b
Lair:6:   minmay_lair_end_frog_pond, layout_big_grid,
          gammafunk_ghost_berserking_beasts

Skill      XL: |  1  2  3  4  5  6  7  8  9 10 11 12 |
---------------+-------------------------------------+-----
Earth Magic    | 4 6 7 8 9 10 | 10.9
Spellcasting   | 4 5 6 8 11 12 14 16 | 16.2
Stealth        | 3 4 5 6 8 |  8.4
Short Blades   | 2 3 4 5 |  5.1
Dodging        | 3 4 5 |  5.5
Conjurations   | 2 4 6 8 9 |  9.9
Summonings     | 1 4 5 |  5.8
Long Blades    | 1 3 |  3.2
Evocations     | 1 |  1.0
Invocations    | 2 4 |  4.8
Throwing       | 1 |  1.2
Transmutations | 2 |  2.1
Fighting       | |  0.1

Action                   |  1- 3 |  4- 6 |  7- 9 | 10-12 | 13-15 || total
-------------------------+-------+-------+-------+-------+-------++-------
Melee: Short sword       |    82 |   161 |     4 |    49 |       ||   296
       Dagger            |       |       |   142 |     9 |       ||   151
       Long sword        |       |       |     7 |    39 |       ||    46
Throw: Dart              |       |       |       |     8 |       ||     8
 Cast: Sandblast         |    34 |    38 |    42 |    16 |     2 ||   132
       Stone Arrow       |     1 |     8 |    84 |   241 |     7 ||   341
       Passwall          |       |       |     4 |    15 |     1 ||    20
       Summon Small Mamm |       |       |       |     1 |       ||     1
       Lee's Rapid Decon |       |       |       |     7 |       ||     7
       Petrify           |       |       |       |     3 |       ||     3
Evoke: Lightning rod     |       |       |     2 |       |       ||     2
  Use: Scroll            |     2 |     6 |    13 |    15 |     1 ||    37
       Potion            |       |     2 |     1 |     6 |       ||     9
 Stab: Sleeping          |     3 |    20 |     3 |    20 |       ||    46
       Invisible         |       |       |       |     1 |       ||     1
       Distracted        |       |       |       |     1 |       ||     1
       Petrified         |       |       |       |     7 |       ||     7
       Petrifying        |       |       |       |     1 |       ||     1
Armor: Robe              |    15 |    27 |    19 |    26 |     1 ||    88
Dodge: Dodged            |    72 |   112 |   143 |    92 |     1 ||   420
       Rpst.: Long sword |       |       |     2 |     6 |       ||     8

Table legend: (Time is in decaauts)
 A = Elapsed time spent in this place.
 B = Non-inter-level travel time spent in this place.
 C = Inter-level travel time spent in this place.
 D = Time resting spent in this place.
 E = Time spent auto-exploring this place.
 F = Levels seen in this place.
 G = Mean time per level.
                   A        B        C        D        E       F      G
               +--------+--------+--------+--------+--------+-----+--------+
         Total |  21512 |  20918 |    594 |   2157 |  15237 |  17 | 1265.4 |
       Dungeon |  12824 |  12493 |    331 |    936 |   9629 |   9 | 1424.9 |
          Lair |   6622 |   6360 |    262 |    875 |   4451 |   6 | 1103.7 |
       Ossuary |   1638 |   1638 |      0 |    100 |   1136 |   1 | 1638.0 |
      Ice Cave |    427 |    427 |      0 |    246 |     21 |   1 |  427.0 |
               +--------+--------+--------+--------+--------+-----+--------+

Top non-repeatable levels by time:
     D:6: 2403 daAuts
  Lair:1: 2261 daAuts
     D:2: 1784 daAuts
     D:9: 1761 daAuts
  Lair:3: 1702 daAuts
 Ossuary: 1638 daAuts
  Lair:2: 1613 daAuts
     D:8: 1403 daAuts
     D:1: 1225 daAuts
     D:7: 1162 daAuts
     D:3: 1114 daAuts
     D:4: 990 daAuts
     D:5: 978 daAuts
  Lair:4: 600 daAuts
   IceCv: 427 daAuts
